 Dungeon Crawl Stone Soup version 0.31-a0-1074-g0b22e4e0f1 (webtiles) character file.

Game seed: 10459825478673108336

3 NogeeEf the Sneak (level 1, 0/10 HPs)
             Began as a Vampire Earth Elementalist on Dec 2, 2023.
             Was a Follower of Wu Jian.
             Slain by an orc
             ... wielding a +0 hand axe
              (5 damage)
             ... on level 7 of the Dungeon.
             The game lasted 00:01:43 (298 turns).

NogeeEf the Sneak (Vampire Earth Elementalist)       Turns: 298, Time: 00:01:44

Health: 0/10       AC:  2    Str:  7    XL:     1   Next: 41%
Magic:  3/3        EV: 12    Int: 17    God:    Wu Jian [*.....]
Gold:   16         SH:  0    Dex: 14    Spells: 3/4 levels left

rFire   . . .        (no weapon)
rCold   + + .        (no shield)
rNeg    + + +        a - +0 robe
rPois   ∞            (no helmet)
rElec   .            (no cloak)
rCorr   .            (no gloves)
SInv    +            (no boots)
Will    .....        d - amulet of regeneration
Stlth   ++++         (no ring)
HPRegen 0.00/turn    (no ring)
MPRegen 0.08/turn

%: no passive effects
@: bloodless, inhibited regen
A: bloodless, fangs 3, see invisible, vampiric 1
a: Revivify, Renounce Religion


You were on level 7 of the Dungeon.
You worshipped Wu Jian.
Wu Jian was aware of your devotion.
You visited 1 branch of the dungeon, and saw 7 of its levels.

You collected 16 gold pieces.

Inventory:

Armour
 a - a +0 robe (worn)
Jewellery
 d - an amulet of regeneration (around neck)
 e - a ring of magical power
Potions
 b - a potion of magic
 c - a potion of curing {unknown}


   Skills:
 + Level 2.2 Dodging
 + Level 3.1 Stealth
 + Level 2.0 Spellcasting
 + Level 1.2 Transmutations
 + Level 3.0 Earth Magic


You had 3 spell levels left.
You knew the following spells:

 Your Spells              Type           Power      Damage    Failure   Level
a - Sandblast             Erth           24%        2d8       5%          1

Your spell library contained the following spells:

 Spells                   Type           Power      Damage    Failure   Level
 Passwall                 Tmut/Erth      7%         N/A       12%         2
 Stone Arrow              Conj/Erth      12%        3d7       30%         3
 Petrify                  Tmut/Erth      9%         N/A       63%         4
 Brom's Barrelling Bould  Conj/Erth      6%         2d3       71%         4


Dungeon Overview and Level Annotations

Branches:
Dungeon (7/15)
 Temple: D:4-7

Altars:
Vehumet
Wu Jian


Innate Abilities, Weirdness & Mutations

You do not regenerate when monsters are visible.
You are frail without blood (-20% HP).
You can heal yourself when you bite living creatures.
You are immune to poison.
You have razor-sharp teeth.
You have supernaturally acute eyesight. (SInv)
You are afflicted with vampirism.


Message History

Found a scroll labelled ROTALO GODDU.
Found a stone staircase leading down.
There is a stone staircase leading down here.
A bullfrog comes into view.
You see here an amulet of regeneration.
d - an amulet of regeneration The bullfrog gives a loud, deep croak!
There is a stone staircase leading down here.
You climb downwards.
Found a bronze ring.
There is a stone staircase leading up here.
You start putting on your amulet.
You continue putting on your amulet of regeneration. x5
You finish putting on your amulet of regeneration.
The amulet throbs as it attunes itself to your uninjured body.
d - an amulet of regeneration (around neck)
An orc comes into view. It is wielding a +0 hand axe.
The orc shouts!
You see here a ring of magical power.
e - a ring of magical power
Found 9 gold pieces.
An orc is nearby!
Okay, then.
A centaur comes into view.
You open the door.
There is an open door here.
You open the large door.
Found the +5 robe of Misfortune {Harm *Corrode *Slow EV+5}.
There is a large open door here.
You see here the +5 robe of Misfortune {Harm *Corrode *Slow EV+5}. 2 orcs come into view.
An orc is wielding a +1 hand axe of electrocution. 2 orcs come into view.
The orc shouts! x2
You spin and attack the orc.
You completely miss the orc. The orc hits you with a +0 hand axe.
Ouch! That really hurt!
The orc shouts!
The orc attacks as it pursues you! The orc hits you with a +0 hand axe.
Ouch! That really hurt!
You die...

# ##. ##.# ## ..#
##..#.## # #....@.##
.#########......+o.##
#<......o......#+#..##
##..#######...##.##o.##
#..## #..##.8.##..##
##o.# ##.##.....##o.#
#..# #.##...'...##o###
#..#
#.#...#'#...#...###
#..#####.o8.##.##
8+.....###


You could see 4 orcs.

Vanquished Creatures
  A giant cockroach (D:1)
  A ball python (D:1)
  A bat (D:1)
  A rat (D:1)
4 creatures vanquished.

Notes
Turn   | Place    | Note
-------+----------+-------------------------------------------
     0 | D:1      | NogeeEf the Vampire Earth Elementalist began the quest for
                  | the Orb.
     0 | D:1      | Reached XP level 1. HP: 13/13 MP: 3/3
    35 | D:1      | Found a faded altar of an unknown god.
    45 | D:1      | Prayed at the altar of an unknown god.
    45 | D:1      | Became a worshipper of the Wu Jian Council
    45 | D:1      | Reached * piety under Wu Jian
   152 | D:3      | Found a radiant altar of Vehumet.
   166 | D:5      | Entered Level 5 of the Dungeon
   243 | D:6      | Noticed a bullfrog
   268 | D:7      | Noticed a centaur
   277 | D:7      | Found the +5 robe of Misfortune {Harm *Corrode *Slow EV+5}
   298 | D:7      | Slain by an orc

Illustrated notes

Levels and vault maps discovered:
D:1:      eino_arrival_water_cross, layout_rooms, ebering_ecumenical_altar_box
D:2:      layout_loops_corners, serial_shops, shop,
          nicolae_shop_overgrown_old_shop, nicolae_shop_scrapyard,
          nicolae_shop_window_shopping, minmay_pentomino_w4, uniq_terence
D:3:      layout_loops_ring, mainiacjoe_overflow_boulevard, serial_shops, shop,
          st_stairs_12, uniq_natasha, uniq_ijyb
D:4:      layout_layer_cave, mainiacjoe_overflow_surrounded_room, temple_hall
D:5:      layout_rooms, grunt_temple_overflow_open, serial_shops, shop
D:6:      layout_cave_pods, amcnicky_altar_gilded, serial_co_window_serial,
          co_window_corner_a, co_window_paths_b, co_window_paths_a,
          co_window_paths_a, co_window_paths_a, co_window_paths_a,
          co_window_unsneaky_path_d, co_window_2corner, co_window_2corner,
          co_window_corner_b, co_window_unsneaky_path_c, co_window_broadway_b,
          glass_columns_b, glass_columns_c, glass_columns_a, glass_columns_b,
          chequers_serial_rivers_micro_c
D:7:      cheibrodos_steamvent, layout_cave_pods, grunt_decor_arrowhead,
          uniq_pikel

Action                     || total
---------------------------++-------
  Melee: Unarmed           ||    18
         Bite              ||     2
   Cast: Sandblast         ||     2
Ability: Whirlwind         ||     4
         Lunge             ||     3
         Exsanguinate      ||     1
 Armour: Robe              ||    15
  Dodge: Dodged            ||    16

Table legend: (Time is in decaauts)
 A = Elapsed time spent in this place.
 B = Non-inter-level travel time spent in this place.
 C = Inter-level travel time spent in this place.
 D = Time resting spent in this place.
 E = Time spent auto-exploring this place.
 F = Levels seen in this place.
 G = Mean time per level.
                   A        B        C        D        E       F      G
               +--------+--------+--------+--------+--------+-----+--------+
         Total |    297 |    188 |    109 |      0 |     57 |   7 |   42.4 |
       Dungeon |    297 |    188 |    109 |      0 |     57 |   7 |   42.4 |
               +--------+--------+--------+--------+--------+-----+--------+

Top non-repeatable levels by time:
     D:1: 139 daAuts
     D:6: 79 daAuts
     D:7: 48 daAuts
     D:3: 12 daAuts
     D:2: 7 daAuts
     D:4: 6 daAuts
     D:5: 2 daAuts
